 Dungeon Crawl Stone Soup version 0.15-a0-39-g424acf8 (webtiles) character file.

31652 yagray the Convoker (level 13, 0/88 HPs)
             Began as a Demonspawn Summoner on Mar 30, 2014.
             Was the Champion of Sif Muna.
             Slain by an eight-headed hydra (15 damage)
             ... on Level 8 of the Lair of Beasts on Apr 3, 2014.
             The game lasted 05:43:45 (26351 turns).

yagray the Convoker (Demonspawn Summoner)          Turns: 26351, Time: 05:43:45

HP   0/88        AC 14     Str  9      XL: 13   Next: 20%
MP   2/31        EV 16     Int 22      God: Sif Muna [******]
Gold 1158        SH  0     Dex 13      Spells:  9 memorised,  1 level left

rFire  + . .     SeeInvis +     o - +6,+5 scythe (protect)
rCold  + + .     Clarity  .     M - +0 robe of Greed {rC++ Dam+6}
rNeg   + . .     Conserve .     (no shield)
rPois  .         rCorr    +     (helmet unavailable)
rElec  .         rRot     .     l - +1 cloak
SustAb . .       Spirit   .     e - +2 pair of gloves
rMut   .         Warding  .     h - +0 pair of boots
Saprov + . .     Stasis   .     I - amulet of resist corrosion
MR     .....                    a - ring of positive energy
                                r - ring of protection from fire

@: not resistant to hostile enchantments, fairly stealthy
A: antennae 3, molten scales 1, demonic guardian 1, saprovore 1
a: Channel Energy, Forget Spell, Renounce Religion


You were on level 8 of the Lair of Beasts.
You worshipped Sif Muna.
Sif Muna was exalted by your worship.
You were hungry.

You visited 3 branches of the dungeon, and saw 20 of its levels.
You visited the Abyss 1 time.
You also visited: Ice Cave.

You collected 1510 gold pieces.
You spent 352 gold pieces at shops.

Inventory:

Hand weapons
 o - a +6,+5 scythe of protection (weapon)
Armour
 d - a +2 leather armour of cold resistance
 e - a +2 pair of gloves (worn)
 h - a +0 pair of boots (worn)
 j - a +0 buckler
 l - a +1 cloak (worn)
 A - a +2 robe of magic resistance
 M - the +0 robe of Greed (worn) {rC++ Dam+6}
   (You bought it in a shop on level 10 of the Dungeon)

   It affects your damage with ranged weapons and melee attacks (+6).
   It greatly protects you from cold.
Magical devices
 m - a wand of digging (18)
 B - a wand of heal wounds (9)
 G - a wand of draining (12)
Comestibles
 u - 8 meat rations
 Q - 4 chunks of giant frog flesh
Scrolls
 c - a scroll of enchant weapon III
 i - 2 scrolls of recharging
 k - a scroll of magic mapping
 n - 5 scrolls of remove curse
 p - 5 scrolls of teleportation
 t - 2 scrolls of fear
 w - 8 scrolls of identify
 E - a scroll of summoning
 N - 3 scrolls of blinking
 O - a scroll of enchant weapon II
Jewellery
 a - a ring of positive energy (right hand)
 r - a ring of protection from fire (left hand)
 v - an uncursed ring of sustain abilities
 y - an uncursed ring of teleportation
 F - an uncursed ring of teleport control
 I - an amulet of resist corrosion (around neck)
 P - an uncursed ring of ice
Potions
 q - a potion of cure mutation
 s - a potion of curing
 C - a potion of agility
 D - a potion of brilliance
 L - a potion of magic
Books
 b - a book of Callings

   Spells                             Type                      Level
   Summon Small Mammal                Summoning                    1
   *Call Imp                          Summoning                    2
   *Call Canine Familiar              Summoning                    3
   *Summon Guardian Golem             Hexes/Summoning              4
   *Summon Lightning Spire            Summoning/Air                4
   *Summon Ice Beast                  Ice/Summoning                4
 f - a book of Dreams

   Spells                             Type                      Level
   Ensorcelled Hibernation            Hexes/Ice                    2
   Flight                             Charms/Air                   3
   Phase Shift                        Translocation                5
   *Shadow Creatures                  Summoning                    5
   Mass Confusion                     Hexes                        6
   Darkness                           Hexes                        7
 g - a book of the Sky

   Spells                             Type                      Level
   Flight                             Charms/Air                   3
   Airstrike                          Air                          4
   Silence                            Hexes/Air                    5
   Deflect Missiles                   Charms/Air                   6
   Conjure Ball Lightning             Conjuration/Air              6
   Tornado                            Air                          9
 x - Sif Muna's Incunabulum of Calling and Black Secrets
   (Sif Muna gifted it to you on level 2 of the Lair of Beasts)

   Spells                             Type                      Level
   *Animate Skeleton                  Necromancy                   1
   Summon Small Mammal                Summoning                    1
   Summon Elemental                   Summoning                    4
   Haunt                              Necromancy/Summoning         7
   Malign Gateway                     Summoning/Translocation      7
 H - a book of Beasts

   Spells                             Type                      Level
   *Summon Butterflies                Summoning                    1
   *Call Canine Familiar              Summoning                    3
   *Summon Ice Beast                  Ice/Summoning                4
   Summon Mana Viper                  Hexes/Summoning              5
   Monstrous Menagerie                Summoning                    6
   *Summon Hydra                      Summoning                    7
 J - a book of Party Tricks

   Spells                             Type                      Level
   *Summon Butterflies                Summoning                    1
   Apportation                        Translocation                1
   Blink                              Translocation                2
   Alistair's Intoxication            Transmutation/Poison         4
   Tukima's Dance                     Hexes                        5
 K - Sif Muna's Grimoire of Shifting Companions
   (Sif Muna gifted it to you on level 8 of the Lair of Beasts)

   Spells                             Type                      Level
   Summon Small Mammal                Summoning                    1
   Sticks to Snakes                   Transmutation                2
   Recall                             Summoning/Translocation      3
   Abjuration                         Summoning                    3
   Alistair's Intoxication            Transmutation/Poison         4
   Forceful Dismissal                 Summoning                    6
Magical staves
 z - an uncursed staff of conjuration


   Skills:
 + Level 3.9 Fighting
 + Level 3.3 Armour
 + Level 7.4 Dodging
 - Level 1.7 Stealth
 + Level 10.1 Spellcasting
 + Level 15.7 Summonings
 + Level 9.6 Invocations


You had one spell level left.
You knew the following spells:

 Your Spells              Type           Power        Failure   Level  Hunger
a - Summon Hydra          Summ           ######....   10%         7    #######
b - Call Imp              Summ           ######..     0%          2    None
c - Call Canine Familiar  Summ           ######..     1%          3    None
d - Summon Guardian Gole  Hex/Summ       #####...     2%          4    ##.....
e - Summon Lightning Spi  Summ/Air       #####...     2%          4    ##.....
f - Shadow Creatures      Summ           N/A          1%          5    ####...
g - Summon Ice Beast      Ice/Summ       #####...     2%          4    ##.....
h - Animate Skeleton      Necr           N/A          8%          1    None
i - Summon Butterflies    Summ           ######..     0%          1    None


Dungeon Overview and Level Annotations

Branches:
Dungeon (11/15)            Temple (1/1) D:4             Orc (0/4) D:10
   Lair (8/8) D:11          Swamp (0/5) Lair:4       Spider (0/5) Lair:4
  Slime (0/6) Lair:7

Altars:
Ashenzari
Cheibriados
Dithmenos
Elyvilon
Fedhas
Kikubaaqudgha
Makhleb
Okawaru
Sif Muna
Trog
Vehumet
Xom
Yredelemnul
Zin
The Shining One
Jiyva

Shops:
D:4 =   D:10 [*=:(   D:11 ?[}}


Innate Abilities, Weirdness & Mutations

You have a pair of large antennae on your head (SInv).
You are partially covered in molten scales (AC +1).
A weak demonic guardian rushes to your aid.
You can tolerate rotten meat.


Message History

The eight-headed hydra bites your sheep skeleton!
The eight-headed hydra bites your sheep skeleton.
The eight-headed hydra bites your sheep skeleton!
Your sheep skeleton is destroyed!
Use which ability? (? or * to list)
You channel some magical energy.
You feel somewhat more hungry.
Your crimson imp barely misses the eight-headed hydra.
A shark comes into view.
Casting: Summon Hydra
Confirm with . or Enter, or press ? or * to list all spells.
A chill wind blows around you.
You are feeling hungry.
The eight-headed hydra bites you! The eight-headed hydra misses you.
The eight-headed hydra bites you!
* * * LOW HITPOINT WARNING * * *
The eight-headed hydra bites you!
* * * LOW HITPOINT WARNING * * *
The eight-headed hydra misses you. x2
The eight-headed hydra bites you!
You die...

.f...PPP.............
..f..PPPPP..%.%.....|#
#..f...PPPP..<.........
......P.....%.......8..
...........[............
........................
.......%...%............
......§.D................
?P....§§@D.%.P...........
.≈.≈..§P§5I§............#
.≈P≈≈≈§≈≈≈§§.P.......###.
P≈≈≈≈≈§%§§§≈≈.......f#
≈≈≈≈≈≈≈%§§≈§PP....
≈≈≈≈≈≈.≈≈.≈≈≈....
≈P≈≈≈≈≈;≈≈≈≈≈D..
≈≈≈≈≈P≈≈≈≈≈≈≈.
§≈≈≈P.≈≈≈≈≈≈


You could see an eight-headed hydra, a shark, a friendly five-headed hydra, a
friendly ice beast and a friendly crimson imp.

Vanquished Creatures
  An unseen horror (D:10)
  An elephant (Lair:5)
  A feature mimic (D:9)
  A spiny frog (Lair:2)
  Grinder (D:4)
  2 blink frogs
  A guardian golem (Lair:5)
  A grizzly bear (Lair:3)
  5 yaks
  A wyvern (D:11)
  A porcupine (Lair:2)
  2 soldier ants (Lair:2)
  2 water moccasins
  A necrophage (D:6)
  An ice beast (IceCv)
  A giant goldfish (D:7)
  A sky beast (D:9)
  A centaur (D:6)
  2 ogres
  A crocodile (Lair:7)
  Sigmund (D:2)
  2 giant slugs
  Blork the orc (D:7)
  A wight (D:9)
  2 goliath beetles
  A crimson imp (D:10)
  2 hounds
  A giant frog skeleton (D:5)
  A big fish (Lair:5)
  An iguana (Lair:3)
  An orc wizard (D:10)
  8 worker ants
  2 green rats
  7 adders
  A worm zombie (D:5)
  2 worms
  A sheep skeleton (Lair:5)
  4 giant geckos
  5 orcs
  8 bats
  A giant cockroach (D:1)
  2 goblins
  6 hobgoblins
  5 jackals
  8 quokkas
  A ball python (D:5)
  3 giant newts
  4 kobolds
  11 rats
  A ballistomycete (D:9)
122 creatures vanquished.

Vanquished Creatures (collateral kills)
  Maud (Lair:3)
  The ghost of Duskembrace the Spry, a powerful SpEn of Ashenzari (IceCv)
  Snorg (Lair:7)
  Harold (D:10)
  2 hydras
  4 death yaks
  A large abomination (Abyss:1)
  4 hill giants
  3 ice statues (IceCv)
  Erolcha (D:10)
  A wolf spider (Lair:4)
  8 elephants
  5 black mambas
  13 spiny frogs
  A queen ant (Lair:2)
  3 fire drakes
  8 komodo dragons
  A troll (D:10)
  A freezing wraith (IceCv)
  A giant leech (Lair:8)
  2 basilisks
  A wandering mushroom (Lair:7)
  A boulder beetle (D:9)
  20 blink frogs
  2 sharks (Lair:8)
  A wraith (D:9)
  A guardian golem (Lair:6)
  2 hungry ghosts
  A wyvern (D:10)
  5 hippogriffs
  Grum (D:10)
  43 yaks
  18 soldier ants (Lair:2)
  11 wolves
  7 wargs
  6 vampire mosquitoes (Lair:8)
  A mottled dragon (D:11)
  5 orc warriors
  10 porcupines
  2 black bears
  A small abomination (Abyss:1)
  2 sky beasts
  5 giant goldfish
  A manticore zombie (D:8)
  21 ice beasts
  A phantom (D:3)
  10 water moccasins
  2 boring beetles (Lair:7)
  2 elephant skeletons (Lair:6)
  A blink frog skeleton (Lair:6)
  11 crocodiles
  7 ogres
  4 centaurs
  3 big kobolds
  4 giant slugs
  A fire drake skeleton (Lair:6)
  A komodo dragon skeleton (Lair:6)
  20 giant frogs
  2 scorpions (D:7)
  6 killer bees
  A lightning spire (Lair:2)
  4 vampire bats (Lair:2)
  8 wights
  3 electric eels
  A yak skeleton (Lair:6)
  4 goliath beetles
  3 crimson imps
  11 hounds
  An iron imp (Lair:4)
  A centaur zombie (D:6)
  2 giant frog skeletons
  5 jellies
  2 big fish (Lair:8)
  10 iguanas
  5 orc priests
  16 worker ants
  An orange rat (D:7)
  13 orc wizards
  A porcupine skeleton (Lair:6)
  21 sheep
  A hound skeleton (D:8)
  A mummy (D:11)
  A worker ant zombie (D:6)
  13 adders
  20 green rats
  An inept feature mimic (D:4)
  5 shadow imps
  7 gnolls
  13 white imps
  A giant mite (Lair:2)
  4 ufetubi
  9 worms
  A sheep skeleton (Lair:5)
  An iguana skeleton (D:9)
  2 giant eyeballs
  An ooze (D:1)
  35 orcs
  A ball python (D:1)
  A bat zombie (D:7)
  5 giant cockroaches
  11 goblins
  13 hobgoblins
  16 jackals
  27 kobolds
  21 bats
  3 giant geckos
  A giant gecko zombie (D:5)
  8 giant newts
  A giant spore (D:7)
  A kobold zombie (D:7)
  12 quokkas
  28 rats
  3 ballistomycetes
  5 fungi
  3 plants (Lair:6)
695 creatures vanquished.

Vanquished Creatures (others)
  2 hydras
  An elephant (Lair:6)
  2 komodo dragons
  A giant leech (Lair:8)
  3 yaks
  A deep elf mage (D:9)
  3 ice beasts
  20 wolves
  A black mamba skeleton (Lair:8)
  6 wargs
  A water moccasin (Lair:7)
  A porcupine (Lair:4)
  A black bear (D:10)
  3 spiny frog skeletons
  39 guardian golems
  2 elephant skeletons
  2 blink frog skeletons (Lair:6)
  A giant slug (Lair:5)
  3 giant frogs
  A yak skeleton (Lair:6)
  2 giant goldfish skeletons
  31 crimson imps
  3 wolf skeletons (Lair:6)
  12 quasits
  21 iron imps
  4 giant frog skeletons
  24 hounds
  A yak simulacrum (IceCv)
  22 lightning spires
  A sheep (Lair:7)
  A crocodile skeleton (Lair:8)
  4 green rats
  4 adders
  12 shadow imps
  32 white imps
  18 ufetubi
  A sheep skeleton (Lair:8)
  2 adder skeletons
  A giant eyeball (D:9)
  A giant gecko (Lair:4)
  A jackal (Lair:6)
  21 quokkas
  16 bats
  A giant spore (D:9)
  2 jackal skeletons
  A lurking horror (Abyss:1)
  12 rats
  6 fungi
  8 plants
359 creatures vanquished.

Grand Total: 1176 creatures vanquished

Notes
Turn   | Place    | Note
--------------------------------------------------------------
     0 | D:1      | yagray, the Demonspawn Summoner, began the quest for the Orb.
     0 | D:1      | Reached XP level 1. HP: 13/13 MP: 3/3
   412 | D:1      | Gained mutation: You have a pair of small antennae on your head. [demonic ancestry]
   412 | D:1      | Reached XP level 2. HP: 19/19 MP: 0/4
  1254 | D:2      | Noticed a giant slug
  1255 | D:2      | Found a snail-covered altar of Cheibriados.
  1257 | D:2      | Noticed a giant slug
  1257 | D:2      | Noticed a giant slug
  1418 | D:2      | Reached XP level 3. HP: 24/24 MP: 0/6
  1709 | D:2      | Noticed Sigmund
  1935 | D:2      | Learned a level 3 spell: Call Canine Familiar
  2361 | D:3      | Reached skill level 5 in Summonings
  2809 | D:3      | Learned a level 2 spell: Call Imp
  2995 | D:3      | Gained mutation: A weak demonic guardian rushes to your aid. [demonic ancestry]
  2995 | D:3      | Reached XP level 4. HP: 30/30 MP: 0/8
  3856 | D:4      | Found a staircase to the Ecumenical Temple.
  3877 | Temple   | Entered the Ecumenical Temple
  4039 | Temple   | Became a worshipper of Sif Muna the Loreminder
  4088 | D:4      | Noticed Grinder
  4125 | D:4      | Noticed a phantom
  4147 | D:3      | Killed a phantom
  4147 | D:3      | Reached skill level 6 in Summonings
  4147 | D:3      | Gained mutation: You are partially covered in molten scales (AC +1). [demonic ancestry]
  4147 | D:3      | Reached XP level 5. HP: 22/35 MP: 0/10
  4372 | D:2      | Killed Sigmund
  4733 | D:4      | Killed Grinder
  4733 | D:4      | Reached skill level 1 in Armour
  4733 | D:4      | Reached skill level 7 in Summonings
  4733 | D:4      | Reached XP level 6. HP: 35/42 MP: 3/12
  4739 | D:4      | Learned a level 4 spell: Summon Guardian Golem
  4859 | D:4      | Found Titrewaa's Jewellery Shop.
  5010 | D:4      | Upgraded the game from 0.15-a0 to 0.15-a0-23-gfd8676b
  5363 | D:5      | Entered Level 5 of the Dungeon
  5370 | D:5      | Reached skill level 1 in Fighting
  5432 | D:5      | Acquired Sif Muna's first power
  5432 | D:5      | Reached XP level 7. HP: 44/48 MP: 9/14
  5481 | D:5      | Noticed a hill giant
  5522 | D:5      | Killed a hill giant
  5522 | D:5      | Reached skill level 8 in Summonings
  5522 | D:5      | Reached skill level 1 in Invocations
  6302 | D:6      | Found a shadowy altar of Dithmenos.
  6303 | D:6      | Found a bloodstained altar of Trog.
  6304 | D:6      | Found a shimmering altar of Xom.
  6481 | D:6      | Gained mutation: You have a pair of antennae on your head. [demonic ancestry]
  6481 | D:6      | Reached XP level 8. HP: 54/54 MP: 7/17
  6565 | D:6      | Acquired Sif Muna's second power
  6706 | D:6      | Learned a level 4 spell: Summon Lightning Spire
  6764 | D:6      | Reached skill level 9 in Summonings
  6999 | D:6      | Found a glowing golden altar of the Shining One.
  8116 | D:7      | Reached skill level 5 in Spellcasting
  8386 | D:7      | Gained mutation: You have a pair of large antennae on your head (SInv). [demonic ancestry]
  8386 | D:7      | Reached XP level 9. HP: 21/60 MP: 15/21
  8646 | D:7      | Noticed Blork the orc
  8711 | D:7      | Killed Blork the orc
  8817 | D:7      | Learned a level 5 spell: Shadow Creatures
  9707 | D:8      | Reached skill level 10 in Summonings
 10631 | D:9      | the was a mimic.
 10639 | D:9      | Killed a staircase mimic
 11236 | D:9      | Acquired Sif Muna's third power
 11520 | D:9      | Gained mutation: You can tolerate rotten meat. [demonic ancestry]
 11520 | D:9      | Reached XP level 10. HP: 48/67 MP: 25/25
 12137 | D:10     | Entered Level 10 of the Dungeon
 12137 | D:10     | Found a staircase to the Orcish Mines.
 12158 | D:10     | Found Puc Uhil's Antique Armour Boutique.
 12160 | D:10     | Noticed Grum
 12192 | D:10     | Killed Grum
 12210 | D:10     | Found Ifojagh's Jewellery Emporium.
 12288 | D:10     | Reached skill level 5 in Invocations
 12389 | D:10     | Found Toqyar's General Store.
 12498 | D:10     | Noticed Erolcha
 12512 | D:10     | Killed Erolcha
 12512 | D:10     | Reached skill level 11 in Summonings
 12672 | D:10     | Noticed a hill giant
 12681 | D:10     | Killed a hill giant
 12736 | D:10     | Noticed Harold
 12746 | D:10     | Found Ageohivau's Book Emporium.
 12752 | D:10     | Noticed an unseen horror
 12757 | D:10     | Killed Harold
 12785 | D:10     | Killed an unseen horror
 13129 | D:10     | Learned a level 4 spell: Summon Ice Beast
 13331 | D:10     | Found Fofyth's Antique Weapon Shoppe.
 13397 | D:10     | Bought a slimy robe for 176 gold pieces
 13404 | D:10     | Identified the +0 robe of Greed {rC++ Dam+6} (You bought it in a shop on level 10 of the Dungeon)
 13404 | D:10     | Bought a ripped robe for 176 gold pieces
 13415 | D:10     | Identified the cursed +2 robe of Cocytus {Str+4 Dex+4} (You bought it in a shop on level 10 of the Dungeon)
 13558 | D:10     | Noticed a hill giant
 13571 | D:10     | Killed a hill giant
 13898 | D:11     | Found Onuij's Gadget Shop.
 13908 | D:11     | Found Smemam's Armour Boutique.
 13945 | D:11     | Reached XP level 11. HP: 64/74 MP: 12/28
 14037 | D:11     | Found Cecaxuem's Magic Scroll Shop.
 14061 | D:11     | Noticed a hill giant
 14077 | D:11     | Killed a hill giant
 14117 | D:11     | Reached skill level 12 in Summonings
 14184 | D:11     | Reached skill level 5 in Dodging
 14241 | D:11     | Cast into the Abyss (a distortion unwield)
 14315 | Abyss:1  | Noticed a large abomination
 14317 | Abyss:1  | Found a bloodstained altar of Trog.
 14346 | Abyss:1  | Noticed a tentacled starspawn
 14349 | Abyss:1  | Noticed a large abomination
 14369 | Abyss:1  | Noticed a red draconian scorcher
 14377 | Abyss:1  | Noticed a soul eater
 14379 | Abyss:1  | Noticed a wretched star
 14382 | Abyss:1  | Noticed a bone dragon
 14387 | Abyss:1  | Noticed a large abomination
 14396 | Abyss:1  | Killed a large abomination
 14463 | Abyss:1  | Noticed a wretched star
 14502 | Abyss:1  | Noticed a large abomination
 14519 | D:11     | Escaped the Abyss
 15110 | D:11     | Found Arphouw's Gadget Boutique.
 15360 | D:11     | Found a staircase to the Lair.
 15468 | D:11     | Paralysed by a giant eyeball for 3 turns
 15631 | Lair:1   | Entered Level 1 of the Lair of Beasts
 17656 | Lair:2   | Reached skill level 13 in Summonings
 17670 | Lair:2   | Received a gift from Sif Muna
 17671 | Lair:2   | Identified Sif Muna's Incunabulum of Calling and Black Secrets (Sif Muna gifted it to you on level 2 of the Lair of Beasts)
 18686 | Lair:3   | Noticed Maud
 18742 | Lair:3   | Killed Maud
 18914 | Lair:4   | Noticed a death yak
 18914 | Lair:4   | Noticed a death yak
 18914 | Lair:4   | Noticed a death yak
 18914 | Lair:4   | Noticed a death yak
 19196 | Lair:3   | Killed a death yak
 19199 | Lair:3   | Killed a death yak
 19372 | Lair:4   | Killed a death yak
 19372 | Lair:4   | Reached XP level 12. HP: 74/81 MP: 5/29
 19381 | Lair:4   | Killed a death yak
 19620 | Lair:4   | Reached skill level 14 in Summonings
 19907 | Lair:4   | Found a hole to the Spider Nest.
 19943 | Lair:4   | Found a staircase to the Swamp.
 20270 | Lair:4   | Noticed a seven-headed hydra
 20281 | Lair:4   | Killed a seven-headed hydra
 20460 | Lair:4   | Learned a level 1 spell: Animate Skeleton
 20834 | Lair:4   | Upgraded the game from 0.15-a0-23-gfd8676b to 0.15-a0-39-g424acf8
 21074 | Lair:5   | Noticed a seven-headed hydra
 21081 | Lair:5   | Killed a seven-headed hydra
 21977 | Lair:5   | Received a gift from Sif Muna
 22511 | Lair:6   | Reached skill level 15 in Summonings
 23061 | Lair:6   | Identified Koivvex's Almanac of the Arsonist
 23354 | Lair:6   | Noticed a six-headed hydra
 23357 | Lair:6   | Killed a seven-headed hydra
 23668 | Lair:6   | Learned a level 7 spell: Summon Hydra
 23971 | Lair:7   | Noticed Snorg
 24350 | Lair:7   | Found a frozen archway.
 24365 | IceCv    | Entered an ice cave
 24390 | IceCv    | Reached skill level 10 in Spellcasting
 24431 | IceCv    | Noticed Duskembrace's ghost (powerful SpEn)
 24438 | IceCv    | Killed Duskembrace's ghost
 25155 | IceCv    | Reached XP level 13. HP: 75/88 MP: 9/31
 25391 | Lair:7   | Found a staircase to the Slime Pits.
 25391 | Lair:7   | Found a viscous altar of Jiyva.
 25511 | Lair:7   | Killed Snorg
 25690 | Lair:7   | Learned a level 1 spell: Summon Butterflies
 26027 | Lair:8   | Entered Level 8 of the Lair of Beasts
 26191 | Lair:8   | Received a gift from Sif Muna
 26192 | Lair:8   | Identified Sif Muna's Grimoire of Shifting Companions (Sif Muna gifted it to you on level 8 of the Lair of Beasts)
 26351 | Lair:8   | Slain by an eight-headed hydra

Action                   |  1- 3 |  4- 6 |  7- 9 | 10-12 | 13-15 || total
-------------------------+-------+-------+-------+-------+-------++-------
Melee: Unarmed           |   113 |       |       |       |       ||   113
       Staff             |    16 |    23 |       |       |       ||    39
       Scythe            |       |    31 |   175 |   308 |    13 ||   527
Throw: Dart              |       |     3 |       |     9 |       ||    12
 Cast: Summon Small Mamm |   114 |    22 |    48 |     4 |       ||   188
       Call Canine Famil |    11 |    22 |    51 |    76 |     6 ||   166
       Call Imp          |     4 |    27 |    91 |    62 |     4 ||   188
       Summon Guardian G |       |       |    25 |   123 |    19 ||   167
       Summon Lightning  |       |       |    23 |   108 |     3 ||   134
       Shadow Creatures  |       |       |    13 |    72 |     9 ||    94
       Summon Ice Beast  |       |       |       |    26 |     7 ||    33
       Animate Skeleton  |       |       |       |    36 |    15 ||    51
       Summon Hydra      |       |       |       |     6 |    10 ||    16
Invok: Channel Energy    |       |       |    54 |   131 |    40 ||   225
       Forget Spell      |       |       |       |     1 |       ||     1
Evoke: Wand              |       |       |     5 |     2 |       ||     7
  Use: Scroll            |       |     7 |    10 |    23 |     2 ||    42
       Potion            |       |       |     6 |     8 |       ||    14
 Stab: Distracted        |     3 |     2 |     6 |    12 |       ||    23
       Sleeping          |     2 |     2 |     3 |     7 |       ||    14
       Paralysed         |       |       |     2 |       |       ||     2
